 Dungeon Crawl Stone Soup version 0.30.0-17-ge0270778cf (webtiles) character file.

Game seed: 1573957014020327703

37 croobank the Insei (level 3, 0/28 HPs)
             Began as a Gnoll Transmuter on May 22, 2023.
             Slain by Terence
             ... wielding a +0 heavy mace
              (15 damage)
             ... on level 3 of the Dungeon.
             The game lasted 00:05:29 (1897 turns).

croobank the Insei (Gnoll Transmuter)               Turns: 1897, Time: 00:05:30

Health: 0/28       AC:  2    Str:  9    XL:     3   Next: 39%
Magic:  7/9        EV: 13    Int: 14    God:
Gold:   106        SH:  0    Dex: 12    Spells: 9/12 levels left

rFire   . . .        a - +0 short sword
rCold   . . .        (no shield)
rNeg    . . .        e - +0 robe
rPois   .            (helmet currently unavailable)
rElec   .            (no cloak)
rCorr   .            (no gloves)
SInv    .            (boots currently unavailable)
Will    .....        (no amulet)
Stlth   +            (no ring)
HPRegen 0.24/turn    (no ring)
MPRegen 0.11/turn

%: no passive effects
@: appendages (expiring), wereblooded
A: horns 2, talons 2, fangs 1, strong nose, distributed training
a: End Transformation


You were on level 3 of the Dungeon.
You had temporarily grown beastly horns and talons.
You visited 1 branch of the dungeon, and saw 3 of its levels.

You collected 106 gold pieces.

Inventory:

Hand Weapons
 a - a +0 short sword (weapon)
 b - a +0 sling
 g - a +0 hand axe
 i - a +0 dagger
Armour
 e - a +0 robe (worn)
Scrolls
 f - 3 scrolls of identify {unknown}
 h - a scroll of magic mapping {unknown}
 j - 2 scrolls of teleportation {unknown}
 k - a scroll of immolation {unknown}
 n - a scroll of poison {unknown}
 p - a scroll of amnesia {unknown}
 q - a scroll of acquirement {unknown}
Potions
 c - 2 potions of lignification
 d - 2 potions of haste {unknown}
 l - a potion of flight {unknown}
 o - a potion of cancellation {unknown}


   Skills:
 + Level 2.6 Fighting
 + Level 0.8 Short Blades
 + Level 0.8 Long Blades
 + Level 0.8 Axes
 + Level 0.8 Maces & Flails
 + Level 0.8 Polearms
 + Level 0.8 Staves
 + Level 0.8 Ranged Weapons
 + Level 0.8 Throwing
 + Level 0.8 Armour
 + Level 4.5 Dodging
 + Level 0.8 Stealth
 + Level 0.8 Shields
 + Level 6.5 Unarmed Combat
 + Level 5.0 Spellcasting
 + Level 0.5 Conjurations
 + Level 0.5 Hexes
 + Level 0.5 Summonings
 + Level 0.5 Necromancy
 + Level 0.5 Translocations
 + Level 3.7 Transmutations
 + Level 0.5 Fire Magic
 + Level 0.5 Ice Magic
 + Level 0.5 Air Magic
 + Level 0.5 Earth Magic
 + Level 0.5 Poison Magic
 + Level 1.0 Invocations
 + Level 0.8 Evocations


You had 9 spell levels left.
You knew the following spells:

 Your Spells              Type           Power      Damage    Failure   Level
a - Beastly Appendage     Tmut           28%        N/A       3%          1
b - Wereblood             Tmut           14%        N/A       5%          2

Your spell library contained the following spells:

 Spells                   Type           Power      Damage    Failure   Level
 Spider Form              Tmut/Pois      9%         N/A       22%         3
 Ice Form                 Ice/Tmut       9%         N/A       56%         4
 Summon Lightning Spire   Summ/Air       5%         N/A       80%         4
 Storm Form               Tmut/Air       4%         N/A       100%        7
 Maxwell's Capacitive Co  Air            2%         ∞         100%        8


Dungeon Overview and Level Annotations

Branches:
Dungeon (3/15)

Altars:

Shops:
D:2 =

Annotations:
D:3 Terence


Innate Abilities, Weirdness & Mutations

You have temporarily grown beastly horns and talons.
You have very sharp teeth.
Your uncanny sense of smell can sniff out nearby items.
Your experience applies equally to all skills.


Message History

Found a chain mail.
Found a stone staircase leading down.
You now have 106 gold pieces (gained 12).
Terence the Incautious comes into view.
He is wielding a +0 heavy mace and wearing a +3 scale mail of fire resistance.
Found 4 stones.
Terence shouts!
Cast which spell? (? or * to list)
You grow a pair of large bovine horns.
Your feet morph into talons.
Casting: Beastly Appendage (safe; 3% risk of failure)
Confirm with . or Enter, or press ? or * to list all spells.
Your blood is infused with primal strength.
Throw: 2 darts (atropa)
Press: ? - help, Q - select action, (/) - cycle Shift-Dir - straight line, f - Terence
Aim: Terence, wielding a +0 heavy mace and wearing a +3 scale mail of fire resistance (61% to hit, chance to blind on hit: 100%)
You throw an atropa-tipped dart. The atropa-tipped dart hits Terence.
Terence appears confused.
Terence seems less confused.
You closely miss Terence. Terence closely misses you.
You hit Terence.
Terence is moderately wounded.
You closely miss Terence. You headbutt Terence!
Terence is severely wounded.
Your transformation is almost over.
Terence is no longer blind.
Terence hits you with a +0 heavy mace!
Ouch! That really hurt!
Throw: dart (atropa)
Press: ? - help, Q - select action, (/) - cycle Shift-Dir - straight line, f/p - Terence
Aim: Terence, wielding a +0 heavy mace and wearing a +3 scale mail of fire resistance (severely wounded, 61% to hit, chance to blind on hit: 100%)
You throw an atropa-tipped dart.
The atropa-tipped dart barely misses Terence.
Unknown command.
Okay, then.
You hit Terence. You claw Terence, but do no damage.
Terence is almost dead.
Terence closely misses you.
You hit Terence.
Terence is almost dead.
Terence hits you with a +0 heavy mace!
Ouch! That really hurt!
You die...

. #.. ...#
################...#
∆................>..#
####......#@...#.#
..#.......+.@....#
######.#..[....#(...###
.....#.#.#######...(#
#.....#.# #....#
#.......# #...(#
#.......# ######
#.......# #.......#


You could see Terence.

Vanquished Creatures
  A worm (D:2)
  A dart slug (D:2)
  5 endoplasms
  2 giant cockroaches (D:2)
  3 goblins (D:1)
  4 hobgoblins
  2 kobolds
  A quokka (D:1)
  3 ball pythons
  2 bats
  2 frilled lizards
  3 rats (D:1)
29 creatures vanquished.

Notes
Turn   | Place    | Note
-------+----------+-------------------------------------------
     0 | D:1      | croobank the Gnoll Transmuter began the quest for the Orb.
     0 | D:1      | Reached XP level 1. HP: 17/17 MP: 6/6
   126 | D:1      | Found a faded altar of an unknown god.
   263 | D:1      | Reached XP level 2. HP: 23/23 MP: 7/7
   266 | D:1      | Learned a level 2 spell: Wereblood
  1188 | D:2      | Reached skill level 5 in Spellcasting
  1188 | D:2      | Reached XP level 3. HP: 23/28 MP: 4/9
  1408 | D:2      | Found Itosarubb's Jewellery Boutique.
  1478 | D:2      | Reached skill level 1 in Invocations
  1887 | D:3      | Noticed Terence
  1897 | D:3      | Slain by Terence

Illustrated notes

Levels and vault maps discovered:
D:1:      shiori_angband_town, layout_basic, shapermc_ecumenical_altar_venn,
          minmay_octomino_j4
D:2:      layout_basic, serial_forest, infiniplex_forest_straight_2,
          infiniplex_forest_clump_cross, infiniplex_forest_end_1,
          infiniplex_forest_lined_room_2, infiniplex_forest_straight_4,
          infiniplex_forest_straight_2, serial_shops, shop, minmay_misc_feat_iff
D:3:      layout_basic, uniq_terence, uniq_pargi

Skill      XL: |  1  2  3 |
---------------+----------+-----
Spellcasting   | 5 |  5.0
Invocations    | 1 |  1.0
Fighting       | |  2.6
Short Blades   | |  0.8
Long Blades    | |  0.8
Axes           | |  0.8
Maces & Flails | |  0.8
Polearms       | |  0.8
Staves         | |  0.8
Ranged Weapons | |  0.8
Throwing       | |  0.8
Armour         | |  0.8
Dodging        | |  4.5
Stealth        | |  0.8
Shields        | |  0.8
Unarmed Combat | |  6.5
Conjurations   | |  0.5
Hexes          | |  0.5
Summonings     | |  0.5
Necromancy     | |  0.5
Translocations | |  0.5
Transmutations | |  3.7
Fire Magic     | |  0.5
Ice Magic      | |  0.5
Air Magic      | |  0.5
Earth Magic    | |  0.5
Poison Magic   | |  0.5
Evocations     | |  0.8

Action                     || total
---------------------------++-------
  Melee: Unarmed           ||     2
         Short sword       ||    65
         Headbutt          ||     8
         Kick              ||    13
         Punch             ||     5
         Bite              ||     4
   Fire: Sling             ||    11
  Throw: Dart              ||     2
   Cast: Beastly Appendage ||    20
         Wereblood         ||    16
   Stab: Sleeping          ||     3
 Armour: Robe              ||    11
  Dodge: Dodged            ||    37
